 Dungeon Crawl Stone Soup version 0.18-a0-1789-gbeff17f (webtiles) character file.

93 macross the Ducker (level 4, 0/34 HPs)
             Began as a Demonspawn Gladiator on Apr 21, 2016.
             Killed from afar by an orc wizard (1 damage)
             ... with a magic dart
             ... on level 3 of the Dungeon.
             The game lasted 00:04:41 (1830 turns).

macross the Ducker (Demonspawn Gladiator)           Turns: 1830, Time: 00:04:42

Health: 0/34       AC:  5    Str: 16    XL:     4   Next: 37%
Magic:  13/13      EV: 12    Int: 10    God:
Gold:   136        SH:  0    Dex: 13    Spells: 0 memorised, 3 levels left

rFire  . . .     SeeInvis .     a - +0 rapier
rCold  . . .     Gourm    .     u - quicksilver dragon hide
rNeg   . . .     Faith    .     (no shield)
rPois  .         Spirit   .     c - +0 helmet
rElec  .         Dismiss  .     (no cloak)
rCorr  .         Reflect  .     (no gloves)
SustAt .         Harm     .     (no boots)
MR     +....                    (no amulet)
Stlth  +++.......               (no ring)
                                g - ring of magical power

@: somewhat resistant to hostile enchantments, fairly stealthy
A: nightstalker 2, spiny 1
a: no special abilities


You were on level 3 of the Dungeon.
You were full.

You visited 1 branch of the dungeon, and saw 3 of its levels.

You collected 136 gold pieces.

Inventory:

Hand Weapons
 a - a +0 rapier (weapon)
 i - a +0 hand axe
 l - a +0 dagger
 n - a +0 dagger
Missiles
 d - 3 throwing nets (quivered)
Armour
 b - a +0 leather armour
 c - a +0 helmet (worn)
 j - a +0 leather armour
 k - a +0 leather armour
 m - a +0 leather armour
 u - a quicksilver dragon hide (worn)
Jewellery
 g - a ring of magical power (left hand)
Wands
 t - a wand of disintegration (20/24)
Scrolls
 e - a scroll of recharging
 o - a scroll of immolation
 p - a scroll of remove curse {unknown}
Potions
 q - a potion of might {unknown}
 r - a potion of brilliance
Comestibles
 f - 2 bread rations
 h - a meat ration
 s - 2 fruits


   Skills:
 + Level 2.4 Fighting
 * Level 3.2 Short Blades
 - Level 1.8 Throwing
 + Level 1.0 Armour
 + Level 3.7 Dodging
 + Level 0.6 Stealth


You had 3 spell levels left.
You didn't know any spells.

Dungeon Overview and Level Annotations

Branches:
Dungeon (3/15)

Altars:
Makhleb
Nemelex Xobeh


Innate Abilities, Weirdness & Mutations

You are significantly more attuned to the shadows.
You are partially covered in sharp spines.


Message History

You hit the gnoll.
The gnoll is lightly wounded.
The gnoll barely misses you.
You hit the gnoll.
The gnoll is moderately wounded.
The gnoll is struck by your spines. The gnoll hits you with a flail.
The gnoll hits you with a whip. The gnoll is struck by your spines.
The gnoll closely misses you. The gnoll is struck by your spines.
The gnoll barely misses you. The gnoll hits you with a whip!
* * * LOW HITPOINT WARNING * * *
The orc barely misses you.
The orc wizard is struck by your spines.
The orc wizard barely misses you. The gnoll hits you with a flail.
* * * LOW HITPOINT WARNING * * *
The gnoll is struck by your spines. The gnoll barely misses you.
The orc wizard points at you and mumbles some strange words.
The magic dart hits you!
You die...

#### ......#
####....
......#
.......
......#
#......
......####@#
.........g.#
.....<..ogo#
...........#
.......†o..#
......)....#
..........##
............
...###.....


You could see an orc wizard, 2 gnolls and 2 orcs.

Vanquished Creatures
  3 gnolls
  3 adders (D:2)
  A giant gecko (D:1)
  A ball python (D:2)
  A giant cockroach (D:1)
  5 goblins
  5 hobgoblins
  6 kobolds (D:1)
  4 bats
  3 giant newts (D:1)
  7 rats
39 creatures vanquished.

Vanquished Creatures (others)
  5 toadstools (D:1)
5 creatures vanquished.

Grand Total: 44 creatures vanquished

Notes
Turn   | Place    | Note
--------------------------------------------------------------
     0 | D:1      | macross the Demonspawn Gladiator began the quest for the Orb.
     0 | D:1      | Reached XP level 1. HP: 16/16 MP: 1/1
   143 | D:1      | Gained mutation: You are partially covered in sharp spines. [demonic ancestry]
   143 | D:1      | Reached XP level 2. HP: 21/22 MP: 2/2
   383 | D:1      | Gained mutation: You are slightly more attuned to the shadows. [demonic ancestry]
   383 | D:1      | Reached XP level 3. HP: 25/27 MP: 3/3
  1181 | D:2      | Found a sparkling altar of Nemelex Xobeh.
  1244 | D:2      | Found a burning altar of Makhleb.
  1254 | D:2      | Gained mutation: You are significantly more attuned to the shadows. [demonic ancestry]
  1254 | D:2      | Reached XP level 4. HP: 33/34 MP: 4/4
  1819 | D:3      | Reached skill level 1 in Armour
  1829 | D:3      | HP: 1/34 [gnoll/flail (5)]
  1830 | D:3      | Killed from afar by an orc wizard

Vault maps used:
D:1:      ldierk_walled_garden
D:2:      lemuel_doored_altar, nemelex_xobeh_ov_fountains_minmay
D:3:      vehumet_crystals, first_bread, bh_walls_and_bars

Skill      XL: |  1  2  3  4 |
---------------+-------------+-----
Dodging        | 3 |  3.7
Short Blades   | 3 |  3.2
Armour         | 1 |  1.0
Fighting       | |  2.4
Throwing       | |  1.8
Stealth        | |  0.6

Action                   |  1- 3 |  4- 6 || total
-------------------------+-------+-------++-------
Melee: Rapier            |    67 |     8 ||    75
  Use: Scroll            |       |     3 ||     3
 Stab: Sleeping          |     3 |       ||     3
  Eat: Bread ration      |       |     1 ||     1
       Fruit             |       |     1 ||     1
       Beef jerky        |       |     1 ||     1
Armor: Leather armour    |    20 |       ||    20
Dodge: Dodged            |    45 |    13 ||    58
